 Dungeon Crawl Stone Soup version 0.28.0-43-g3370ac3207 (webtiles) character file.

Game seed: 15512088045824488866

3171 H0rd4k the Thaumaturge (level 9, -3/47 HPs)
             Began as a Deep Elf Hedge Wizard on Mar 17, 2022.
             Was an Initiate of Gozag.
             Slain by a bullfrog (6 damage)
             ... on level 7 of the Dungeon.
             The game lasted 00:14:24 (10157 turns).

H0rd4k the Thaumaturge (Deep Elf Hedge Wizard)     Turns: 10157, Time: 00:14:24

Health: -3/47      AC:  6    Str:  7    XL:     9   Next: 63%
Magic:  14/27      EV: 13    Int: 24    God:    Gozag
Gold:   278        SH:  0    Dex: 14    Spells: 20/32 levels left

rFire   . . .      SeeInvis .   C - staff of conjuration
rCold   + + .      Faith    .   z - orb {light}
rNeg    . . .      Spirit   .   b - +0 robe
rPois   .          Reflect  .   c - +0 hat
rElec   .          Harm     .   l - +2 cloak
rCorr   .          Rampage  .   (no gloves)
Will    .....                   u - +0 pair of boots "Coimosygak" {+Blink rC+}
Stlth   +.........              (no amulet)
HPRegen 0.15/turn               f - ring of protection from cold
MPRegen 0.20/turn               (no ring)

@: attractive, glowing
A: no striking features
a: Renounce Religion, Evoke Blink, Potion Petition, Call Merchant, Bribe Branch


You were on level 7 of the Dungeon.
You worshipped Gozag.
Gozag was aware of your devotion.
You visited 2 branches of the dungeon, and saw 9 of its levels.
You also visited: Sewer.

You collected 375 gold pieces.
You paid 97 gold pieces to Gozag.

Inventory:

Hand Weapons
 m - a +1 dagger of draining
 s - a +2 dagger of venom
Armour
 b - a +0 robe (worn)
 c - a +0 hat (worn)
 l - a +2 cloak (worn)
 u - the +0 pair of boots "Coimosygak" (worn) {+Blink rC+}
   (You found it on level 4 of the Dungeon)

   rC:        It protects you from cold.
   +Blink:    It lets you blink.
 z - an orb of light (worn)
Magical Staves
 A - a staff of death
 C - a staff of conjuration (weapon)
Jewellery
 f - a ring of protection from cold (left hand)
Scrolls
 a - 7 scrolls of identify {unknown}
 d - 2 scrolls of teleportation {unknown}
 e - 2 scrolls of holy word {unknown}
 g - a scroll of fear {unknown}
 i - a scroll of acquirement {unknown}
 n - 2 scrolls of amnesia {unknown}
 r - a scroll of immolation {unknown}
 t - 2 scrolls of enchant armour {unknown}
 v - a scroll of noise {unknown}
 x - 2 scrolls of blinking {unknown}
 y - a scroll of fog {unknown}
 D - a scroll of magic mapping {unknown}
 E - 2 scrolls of vulnerability {unknown}
Potions
 h - a potion of cancellation {unknown}
 j - 3 potions of brilliance {unknown}
 k - 2 potions of curing {unknown}
 o - 2 potions of attraction
 p - 2 potions of heal wounds {unknown}
 q - 2 potions of mutation {unknown}
 w - a potion of berserk rage {unknown}
 B - 2 potions of resistance {unknown}
 F - a potion of magic {unknown}


   Skills:
 + Level 1.0 Fighting
 + Level 0.1 Short Blades
 + Level 3.9 Dodging
 + Level 3.5 Stealth
 + Level 12.4 Spellcasting
 + Level 8.0 Conjurations
 + Level 1.1 Summonings
 + Level 2.7 Translocations
 + Level 3.7 Fire Magic
 + Level 3.2 Air Magic
 + Level 2.3 Poison Magic


You had 20 spell levels left.
You knew the following spells:

 Your Spells              Type           Power      Damage    Failure   Level
a - Magic Dart            Conj           100%       1d8       1%          1
b - Blink                 Tloc           54%        N/A       1%          2
c - Conjure Flame         Conj/Fire      59%        6-21      1%          3
d - Mephitic Cloud        Conj/Pois/Air  53%        N/A       1%          3
e - Swiftness             Air            30%        N/A       3%          3

Your spell library contained the following spells:

 Spells                   Type           Power      Damage    Failure   Level
 Slow                     Hex            56%        N/A       4%          1
 Call Imp                 Summ           20%        N/A       4%          2
 Ignite Poison            Fire/Tmut/Pois 24%        N/A       5%          3
 Ensorcelled Hibernation  Hex/Ice        28%        N/A       6%          2
 Passwall                 Tmut/Erth      11%        N/A       6%          2
 Spider Form              Tmut/Pois      20%        N/A       8%          3
 Tukima's Dance           Hex            14%        N/A       12%         3
 Passage of Golubria      Tloc           27%        N/A       14%         4
 Freezing Cloud           Conj/Ice/Air   24%        6-21      24%         5
 Anguish                  Hex/Necr       7%         N/A       38%         4
 Yara's Violent Unravell  Hex/Tmut       7%         3d5       75%         5


Dungeon Overview and Level Annotations

Branches:
Dungeon (8/15)             Temple (1/1) D:6           Sewer (visited)
   Lair: D:8-11

Altars:
Elyvilon
Gozag
Makhleb
Ru
Vehumet
Wu Jian
Xom
Zin
The Shining One

Shops:
D:1 [   D:4 [

Annotations:
D:3 exclusion: downstairs, Natasha
D:4 exclusion: downstairs
D:6 exclusion: downstairs


Message History

The centaur is severely wounded.
The bullfrog snags a nearby moth with its tongue.
The bullfrog hits you but does no damage.
The centaur hits you but does no damage.
The centaur kicks you but does no damage.
The centaur barely misses itself.
The centaur kicks itself.
Casting: Magic Dart (safe; 1% risk of failure)
Confirm with . or Enter, or press ? or * to list all spells.
You are still too unstable to blink.
You feel stable enough to blink again. The bullfrog hits you.
The centaur barely misses the bullfrog.
The centaur kicks the bullfrog.
An orc comes into view. It is wielding a +0 mace.
The bullfrog barely misses you. The bullfrog hits you.
* * * LOW HITPOINT WARNING * * *
The bullfrog barely misses you.
There is a stone staircase leading down here.
The bullfrog barely misses you.
You climb downwards.
The orc shouts!
You hear an angry buzzing noise.
You hear a shout!
The orc wizard shouts!
Found a stone staircase leading up.
There is a stone staircase leading up here.
The killer bee buzzes angrily.
You hear an angry buzzing noise.
The orc shouts!
You hear a shout!
The bullfrog hits you.
* * * LOW HITPOINT WARNING * * *
The bullfrog barely misses you. The orc wizard casts a spell at you.
The puff of flame hits you!
* * * LOW HITPOINT WARNING * * *
The killer bee buzzes angrily.
You hear a shout!
You climb upwards.
There is a stone staircase leading down here.
It was a potion of attraction.
You feel attractive to monsters. The bullfrog hits you.
You die...
Your body crumbles into a pile of gold.

.###...................
.................###..
#...........c......)#
#..........!.....##.#
#...............##
#...............#
#...............#
##..............#
#.F@...#.....#.#
#.######....##.# #.
.....# # ...... ...


You could see a bullfrog.

Vanquished Creatures
  A two-headed ogre (D:5)
  Pikel (D:4)
  Prince Ribbit (D:5)
  A steam dragon (D:6)
  A water moccasin (D:6)
  An orc warrior (D:7)
  A sky beast (D:6)
  A necrophage (D:6)
  A centaur (D:6)
  2 ogres
  A lemure (D:3)
  2 phantoms
  A bullfrog (D:7)
  2 scorpions
  A water moccasin skeleton (D:5)
  5 wights (D:5)
  A bullfrog zombie (D:5)
  A centaur zombie (D:5)
  A jelly (D:7)
  A bullfrog skeleton (D:4)
  3 hounds
  A centaur skeleton (D:4)
  Jessica (D:2)
  2 iguanas
  An orc wizard (D:7)
  A hound skeleton (D:5)
  A howler monkey skeleton (D:7)
  11 adders
  An ufetubus (D:5)
  An adder zombie (D:5)
  2 worms
  4 dart slugs
  4 orcs
  7 bats
  10 endoplasms
  7 giant cockroaches
  10 goblins
  4 hobgoblins
  10 jackals
  A quokka (D:2)
  12 ball pythons
  15 frilled lizards
  7 kobolds
  7 rats
150 creatures vanquished.

Notes
Turn   | Place    | Note
-------+----------+-------------------------------------------
     0 | D:1      | H0rd4k the Deep Elf Hedge Wizard began the quest for the
                  | Orb.
     0 | D:1      | Reached XP level 1. HP: 10/10 MP: 7/7
     3 | D:1      | Noticed an electric eel
     4 | D:1      | Noticed an electric eel
   194 | D:1      | Reached skill level 5 in Spellcasting
   248 | D:1      | Found Xued's Armour Shop.
   272 | D:1      | Reached XP level 2. HP: 13/15 MP: 2/10
  1139 | D:1      | Reached XP level 3. HP: 19/19 MP: 4/12
  1142 | D:1      | Learned a level 2 spell: Blink
  1146 | D:1      | Learned a level 3 spell: Conjure Flame
  1150 | D:1      | Learned a level 3 spell: Mephitic Cloud
  1273 | D:1      | Learned a level 3 spell: Swiftness
  1724 | D:2      | Reached skill level 1 in Poison Magic
  2085 | D:2      | Found a faded altar of an unknown god.
  2118 | D:2      | Noticed Jessica
  2134 | D:2      | Killed Jessica
  2135 | D:2      | Reached skill level 6 in Spellcasting
  2135 | D:2      | Reached XP level 4. HP: 23/24 MP: 7/14
  2249 | D:2      | Identified the +7 spear "Worm's Wrath" {antimagic, Will+
                  | rCorr Str+4}
  3048 | D:3      | Noticed Natasha
  3086 | D:3      | Found a sacrificial altar of Ru.
  3380 | D:3      | Reached XP level 5. HP: 28/28 MP: 12/15
  3523 | D:3      | Reached skill level 1 in Fire Magic
  4018 | D:4      | Noticed an ogre
  4202 | D:4      | Killed an ogre
  4203 | D:4      | Reached skill level 1 in Air Magic
  4333 | D:4      | Identified the +0 pair of boots "Coimosygak" {+Blink rC+}
  4425 | D:4      | Reached skill level 7 in Spellcasting
  4428 | D:4      | Reached XP level 6. HP: 32/32 MP: 4/18
  4624 | D:4      | Noticed Pikel
  5128 | D:4      | Killed Pikel
  5129 | D:4      | Reached skill level 8 in Spellcasting
  5129 | D:4      | Reached XP level 7. HP: 28/36 MP: 9/20
  5777 | D:4      | Found Feciol's Antique Armour Shoppe.
  6394 | D:5      | Entered Level 5 of the Dungeon
  6503 | D:5      | Noticed a two-headed ogre
  6651 | D:5      | Reached skill level 9 in Spellcasting
  6651 | D:5      | Reached XP level 8. HP: 42/42 MP: 15/23
  7049 | D:5      | Killed a two-headed ogre
  7050 | D:5      | Reached skill level 10 in Spellcasting
  7050 | D:5      | Reached skill level 5 in Conjurations
  7620 | D:5      | Reached XP level 9. HP: 46/46 MP: 12/25
  7737 | D:5      | Reached skill level 11 in Spellcasting
  7877 | D:5      | Noticed Prince Ribbit
  7904 | D:5      | Killed Prince Ribbit
  8346 | D:6      | Found a glowing drain.
  8380 | Sewer    | Entered a sewer
  9147 | D:6      | Found a staircase to the Ecumenical Temple.
  9158 | Temple   | Entered the Ecumenical Temple
  9164 | Temple   | Became a worshipper of Gozag Ym Sagoz the Greedy
  9197 | D:6      | Reached skill level 1 in Fighting
  9197 | D:6      | Reached skill level 12 in Spellcasting
  9929 | D:7      | Noticed a death knight
 10157 | D:7      | Slain by a bullfrog

Illustrated notes

Levels and vault maps discovered:
D:1:      arrival_aquarium_b, layout_basic, serial_shops, nicolae_shop_crystal,
          minmay_indecisive_spiral
D:2:      minmay_inner_zag, layout_rooms, chequers_ecumenical_altar_simple,
          st_stairs_13, uniq_jessica
D:3:      wander_river, layout_loops_cross, nicolae_ru_sacrificial_ziggurat,
          serial_rivers, chequers_serial_rivers_large_b,
          chequers_serial_rivers_large_a, chequers_serial_rivers_small_a,
          chequers_serial_rivers_room_b, chequers_serial_rivers_room_b,
          uniq_natasha
D:4:      layout_layer_cave, serial_shops, kennysheep_mini_moat, uniq_pikel
D:5:      layout_basic, uniq_prince_ribbit1
D:6:      layout_basic, minmay_temple_entry_junction,
          cheibrodos_sewer_entry_drain, st_stairs_6
D:7:      layout_rooms, minmay_manual_mess
D:8:      layout_rooms, mainiacjoe_overflow_catwalk, serial_corexii_hall,
          corexii_hall_statues_l, chequers_hall_statues_y,
          corexii_hall_statues_x, chequers_hall_statues_corner_a,
          chequers_hall_statues_y, corexii_hall_statues_i
Temple:   eino_narrow_crystal_temple

Skill      XL: |  1  2  3  4  5  6  7  8  9 |
---------------+----------------------------+-----
Spellcasting   | 5 6 7 8 9 10 12 | 12.4
Poison Magic   | 1 2 |  2.3
Conjurations   | 2 3 6 8 |  8.0
Fire Magic     | 1 2 3 |  3.7
Air Magic      | 1 2 3 |  3.2
Stealth        | 3 |  3.5
Dodging        | 3 |  3.9
Translocations | 2 |  2.7
Fighting       | 1 |  1.0
Short Blades   | |  0.1
Summonings     | |  1.1

Action                   |  1- 3 |  4- 6 |  7- 9 || total
-------------------------+-------+-------+-------++-------
Melee: Dagger            |     1 |       |       ||     1
 Cast: Magic Dart        |   123 |   143 |   307 ||   573
       Conjure Flame     |       |     6 |    21 ||    27
       Mephitic Cloud    |       |     4 |    10 ||    14
       Blink             |       |     6 |    10 ||    16
 Abil: Evoke Blink       |       |       |     1 ||     1
  Use: Potion            |       |       |     1 ||     1
Armor: Robe              |    12 |    17 |    30 ||    59
Dodge: Dodged            |    24 |    30 |    52 ||   106
